 Dungeon Crawl Stone Soup version 0.21.1-1-g345015f (webtiles) character file.

165 inc the Magician (level 5, -2/36 HPs)
             Began as an Octopode Earth Elementalist on Apr 21, 2018.
             Was an Initiate of Gozag.
             Slain by Pikel
             ... wielding a +0 whip of flaming
              (3 damage)
             ... on level 4 of the Dungeon.
             The game lasted 00:07:28 (3344 turns).

inc the Magician (Octopode Earth Elementalist)      Turns: 3344, Time: 00:07:29

Health: -2/36      AC:  1    Str:  8    XL:     5   Next: 46%
Magic:  4/11       EV: 13    Int: 18    God:    Gozag
Gold:   288        SH:  0    Dex: 12    Spells: 11/12 levels left

rFire    . . .     SeeInvis .   i - +2 short sword (speed)
rCold    . . .     Gourm    .   (no shield)
rNeg     . . .     Faith    .   (helmet restricted)
rPois    .         Spirit   .   (no amulet)
rElec    .         Reflect  .   (no ring)
rCorr    .         Harm     .   (no ring)
MR       .....                  (no ring)
Stlth    +++.......             (no ring)
HPRegen  0.12/turn              (no ring)
MPRegen  0.12/turn              (no ring)
                                (no ring)
                                (no ring)

@: no status effects
A: almost no armour, stealthy swim, amphibious, 8 rings, constrict 8, camouflage
1, gelatinous body 1
a: Potion Petition, Call Merchant, Bribe Branch, Renounce Religion


You were on level 4 of the Dungeon.
You worshipped Gozag.
Gozag was aware of your devotion.
You were not hungry.

You visited 1 branch of the dungeon, and saw 4 of its levels.

You collected 307 gold pieces.
You paid 19 gold pieces to Gozag.

Inventory:

Hand Weapons
 i - a +2 short sword of speed (weapon)
 p - a +0 dagger of freezing
Missiles
 b - 161 stones (quivered)
Jewellery
 j - a cursed ring of loudness {unknown}
Scrolls
 a - a scroll of immolation {unknown}
 g - 2 scrolls of enchant armour {unknown}
 h - a scroll of identify {unknown}
 k - 2 scrolls of teleportation {unknown}
 l - a scroll of blinking {unknown}
 m - 2 scrolls of noise {unknown}
 o - a scroll of magic mapping {unknown}
 t - a scroll of enchant weapon {unknown}
Potions
 e - 3 potions of curing {unknown}
 f - a potion of brilliance
 n - a potion of agility {unknown}
 q - a potion of lignification {unknown}
 r - a potion of ambrosia {unknown}
 s - a potion of haste {unknown}
 u - a potion of cancellation {unknown}
Books
 d - a book of Geomancy

   Spells                             Type                      Level
   a - Sandblast                      Earth                        1
   b - Passwall                       Transmutation/Earth          2
   c - Stone Arrow                    Conjuration/Earth            3
   d - Petrify                        Transmutation/Earth          4
   e - Lee's Rapid Deconstruction     Earth                        5
Comestibles
 c - 5 rations


   Skills:
 - Level 2.9 Fighting
 - Level 2.0 Dodging
 - Level 2.6 Stealth
 + Level 4.1 Spellcasting
   Level 1.0 Transmutations
 - Level 3.0 Earth Magic


You had 11 spell levels left.
You knew the following spells:

 Your Spells              Type           Power        Failure   Level  Hunger
a - Sandblast             Erth           ##....       4%          1    None


Dungeon Overview and Level Annotations

Branches:
Dungeon (4/15)
 Temple: D:4-7

Altars:
Ashenzari
Gozag
Zin

Annotations:
D:4 Pikel


Innate Abilities, Weirdness & Mutations

You cannot wear most types of armour.
You are very stealthy in the water. (Stealth+)
You are amphibious.
You can wear up to eight rings at the same time.
You can use your tentacles to constrict eight enemies at once.
Your skin changes colour to match your surroundings (Stealth+).
Your rubbery body absorbs attacks. (AC +1, EV +1)


Message History

Press: ? - help, Shift-Dir - straight line, f/p - Pikel
Aim: Pikel, wielding a whip of flaming and wearing a robe (moderately wounded)
The blast of sand misses Pikel.
b - 162 stones Pikel hits you with a whip of flaming!
Pikel burns you.
A slave comes into view.
Casting: Sandblast
Confirm with . or Enter, or press ? or * to list all spells.
Aiming: Sandblast
Press: ? - help, Shift-Dir - straight line, f/p - Pikel
Aim: Pikel, wielding a whip of flaming and wearing a robe (moderately wounded)
The blast of sand hits Pikel.
Pikel is moderately wounded.
b - 161 stones The slave shouts!
You hear an angry hiss.
Pikel hits you with a whip of flaming!
* * * LOW HITPOINT WARNING * * *
Pikel burns you.
You die...
Your body crumbles into a pile of gold.

##..........############
#.............[..../....
#............###...####
#............##?....##
##.<........##.......#
##...##...###....$..#
########.# #..[....# #.#
##.$....## #.#
#..@.....# #..
#..K.....# ##.
#..........
..##pp...##... ..
....!......
##p.##.#####.## #. .# ##
.#


You could see Pikel and 3 slaves.

Vanquished Creatures
  A slave (D:4)
  Natasha (D:2)
  A worker ant (D:3)
  Robin (D:2)
  3 adders (D:3)
  A howler monkey skeleton (D:2)
  An ooze (D:3)
  An adder skeleton (D:4)
  2 worms
  A dart slug (D:3)
  2 leopard geckos
  An orc (D:4)
  5 bats
  A giant cockroach (D:1)
  14 goblins
  5 hobgoblins
  10 kobolds
  A frilled lizard (D:1)
  A jackal skeleton (D:4)
  2 rats
55 creatures vanquished.

Notes
Turn   | Place    | Note
-------+----------+-------------------------------------------
     0 | D:1      | inc the Octopode Earth Elementalist began the quest for the Orb.
     0 | D:1      | Reached XP level 1. HP: 11/11 MP: 3/3
    54 | D:1      | Reached skill level 1 in Fighting
   527 | D:1      | Reached XP level 2. HP: 17/18 MP: 5/5
  1272 | D:2      | Reached XP level 3. HP: 25/25 MP: 6/6
  1414 | D:2      | Found an opulent altar of Gozag.
  1429 | D:2      | Became a worshipper of Gozag Ym Sagoz the Greedy
  1465 | D:2      | Noticed Robin
  1721 | D:2      | Found a glowing silver altar of Zin.
  1913 | D:2      | Noticed Natasha
  1919 | D:2      | Killed Natasha
  1919 | D:2      | Reached XP level 4. HP: 20/30 MP: 4/8
  1926 | D:2      | Killed Robin
  1926 | D:2      | Reached skill level 3 in Spellcasting
  2531 | D:3      | Found a shattered altar of Ashenzari.
  2794 | D:3      | Reached XP level 5. HP: 36/36 MP: 8/10
  2850 | D:3      | Reached skill level 4 in Spellcasting
  3172 | D:4      | Noticed a slave
  3197 | D:4      | Killed a slave
  3335 | D:4      | Noticed Pikel
  3341 | D:4      | Noticed a slave
  3341 | D:4      | Noticed a slave
  3344 | D:4      | Noticed a slave
  3344 | D:4      | HP: 1/36 [Pikel/whip of flaming (11)]
  3344 | D:4      | Slain by Pikel

Skill      XL: |  1  2  3  4  5 |
---------------+----------------+-----
Fighting       | 1 2 |  2.9
Spellcasting   | 3 4 |  4.1
Dodging        | |  2.0
Stealth        | |  2.6
Transmutations | |  1.0
Earth Magic    | |  3.0

Action                   |  1- 3 |  4- 6 || total
-------------------------+-------+-------++-------
Melee: Unarmed           |    27 |       ||    27
       Constrict         |    16 |    10 ||    26
       Tentacles         |    12 |     3 ||    15
       Short sword       |    62 |    49 ||   111
 Cast: Sandblast         |     1 |    29 ||    30
  Use: Potion            |       |     1 ||     1
 Stab: Sleeping          |    10 |     4 ||    14
  Eat: Chunk             |     1 |       ||     1
       Ration            |     1 |     1 ||     2
Armor: Skin              |     9 |     5 ||    14
Dodge: Dodged            |    53 |    32 ||    85
